 Seeded DCSS version 0.29-a0-350-g7790a0e70a (webtiles) character file.

Game seed: 7774103814747607012 (custom seed)

298 zeratav the Vexing (level 6, -1/28 HPs)
             Began as a Vine Stalker Enchanter on Apr 22, 2022.
             Was a Follower of Uskayaw.
             Slain by a water moccasin (3 damage)
             ... on level 4 of the Dungeon.
             The game lasted 00:06:11 (2877 turns).

zeratav the Vexing (Vine Stalker Enchanter)         Turns: 2877, Time: 00:06:12

Health: -1/28      AC:  4    Str: 10 (11) XL:     6   Next: 35%
Magic:  0/10       EV: 12    Int: 22 (24) God:    Uskayaw [*.....]
Gold:   223        SH:  0    Dex: 20 (22) Spells: 7/9 levels left

rFire   . . .      SeeInvis .   p - +8 short sword "Kuakk" {venom, +Blink Will+ Int+3, short}
rCold   . . .      Faith    .   (no shield)
rNeg    . . .      Spirit   +   f - +0 leather armour
rPois   .          Reflect  .   (no helmet)
rElec   .          Harm     .   (no cloak)
rCorr   .          Rampage  .   (no gloves)
Will    +....                   m - +0 pair of boots
Stlth   +++.......              (no amulet)
HPRegen 0.89/turn               v - +6 ring of dexterity
MPRegen 0.12/turn               z - +6 ring of intelligence

@: no status effects
A: fangs 2, regeneration 1, magic shield, antimagic bite, no potion heal 2
a: Renounce Religion, Evoke Blink, Stomp


You were on level 4 of the Dungeon.
You worshipped Uskayaw.
Uskayaw was noncommittal.
You visited 1 branch of the dungeon, and saw 4 of its levels.

You collected 223 gold pieces.


Innate Abilities, Weirdness & Mutations

You have extremely sharp teeth.
Your natural rate of healing is unusually fast.
When hurt, damage is shared between your health and your magic reserves.
Your bite disrupts and absorbs the magic of your enemies.
Potions cannot restore your health.


   Skills:
 + Level 4.3 Short Blades
 - Level 1.5 Dodging
 - Level 3.6 Stealth
 - Level 2.1 Spellcasting
 - Level 5.0 Hexes


You had 7 spell levels left.
You knew the following spells:

 Your Spells              Type           Power      Damage    Failure   Level
a - Ensorcelled Hibernat  Hex/Ice        26%        N/A       10%         2

Your spell library contained the following spells:

 Spells                   Type           Power      Damage    Failure   Level
 Confusing Touch          Hex            24%        N/A       7%          3
 Tukima's Dance           Hex            24%        N/A       7%          3
 Dazzling Flash           Conj/Hex       26%        N/A       21%         3

Inventory:

Hand Weapons
 a - a +1 dagger {short}
 p - the +8 short sword "Kuakk" (weapon) {venom, +Blink Will+ Int+3, short}
   (You found it on level 4 of the Dungeon)

   It poisons the flesh of those it strikes.
   Int:       It affects your intelligence (+3).
   +Blink:    It lets you blink.
   Will:      It increases your willpower.
 u - the +5 falchion of the Endless Expanse {freeze, rElec Int-4 SInv, long}
   (You found it on level 3 of the Dungeon)

   It freezes those it strikes, dealing additional cold damage.
   It can also slow down cold-blooded creatures.
   Int:       It affects your intelligence (-4).
   rElec:     It insulates you from electricity.
   SInv:      It lets you see invisible.
 w - a +0 whip of electrocution {mace}
   (You took it off a kobold on level 3 of the Dungeon)
 F - a +0 vampiric spear {polearm}
   (You took it off a gnoll on level 4 of the Dungeon)
Armour
 b - a +0 robe
 f - a +0 leather armour (worn)
   (You found it on level 1 of the Dungeon)
 g - a +0 ring mail
   (You found it on level 1 of the Dungeon)
 k - a +0 robe
   (You found it on level 2 of the Dungeon)
 l - a +0 ring mail
   (You found it on level 2 of the Dungeon)
 m - a +0 pair of boots (worn)
   (You found it on level 2 of the Dungeon)
 x - a +0 leather armour
   (You found it on level 3 of the Dungeon)
 y - a scarf of invisibility
   (You found it on level 3 of the Dungeon)
 A - a +0 plate armour
   (You found it on level 3 of the Dungeon)
 B - a +0 robe
   (You found it on level 3 of the Dungeon)
 C - a +0 plate armour
   (You found it on level 4 of the Dungeon)
 D - a +0 scale mail
   (You found it on level 4 of the Dungeon)
 E - a +0 chain mail
   (You found it on level 4 of the Dungeon)
 L - a +0 cloak
   (You found it on level 4 of the Dungeon)
Jewellery
 v - a +6 ring of dexterity (left hand)
   (You found it on level 3 of the Dungeon)
 z - a +6 ring of intelligence (right hand)
   (You found it on level 3 of the Dungeon)
Wands
 r - a wand of polymorph (7)
   (You found it on level 2 of the Dungeon)
 t - a wand of acid (6)
   (You found it on level 3 of the Dungeon)
 I - a wand of digging (5)
   (You found it on level 4 of the Dungeon)
Scrolls
 d - a scroll of fog
 e - a scroll of magic mapping {unknown}
 h - a scroll of immolation {unknown}
 i - 2 scrolls of teleportation {@r4}
 q - 2 scrolls of enchant armour {unknown}
 G - a scroll of silence {!r}
 H - a scroll of enchant weapon
 K - a scroll of vulnerability {unknown}
Potions
 c - 2 potions of invisibility
 j - a potion of curing {@q1}
 n - a potion of lignification {unknown}
 o - a potion of degeneration {!q@e2}
 s - a potion of might {unknown}
 J - a potion of heal wounds {unknown}

Dungeon Overview and Level Annotations

Branches:
Dungeon (4/15)
 Temple: D:4-7

Altars:
Ashenzari
Cheibriados
Elyvilon
Kikubaaqudgha
Okawaru
Ru
Uskayaw

Shops:
D:2

( ..... #.#
#.......# #####
#.# #########
#.# ####.#
..##.# #.##.#
#.##.# #S##.#
#@##.# #####
#.##.######...#
#.............#
####.######...#
#.### ##.##
#...# #.# ###.#
#.# #.# ##.##
#.####...#


You could see a water moccasin.


Message History

You lost 2 mp, and now have 8/10 mp.
Casting: Ensorcelled Hibernation (safe; 9% risk of failure)
Confirm with . or Enter, or press ? or * to list all spells.
Aiming: Ensorcelled Hibernation (safe; 9% risk of failure)
Press: ? - help, Shift-Dir - straight line, f/p - scorpion
Aim: a scorpion (chance to affect: 48%)
The scorpion looks drowsy...
MP[-2]
You lost 2 mp, and now have 6/10 mp.
The helpless scorpion fails to defend itself.
You impale the scorpion!!
You kill the scorpion!
Training target 5.0 for Hexes reached!
Your Short Blades skill increases to level 4!
Your Hexes skill increases to level 5!
K - a scroll labelled INESI ONACIC XEFF MP[+4]
Your mp is fully restored (10).
There is a broken altar of Ashenzari here.
There is a sacrificial altar of Ru here.
Found a stone staircase leading down.
There is a hide-covered altar of Uskayaw here.
You kneel at the altar of Uskayaw.
Uskayaw welcomes you!
There is an ancient bone altar of Kikubaaqudgha here.
There is a stone staircase leading down here.
Things that are here:
a stone {throwing}; a +0 club {mace}
There is a stone staircase leading up here.
L - a +0 cloak A water moccasin comes into view.
The water moccasin hisses angrily.
Casting: Ensorcelled Hibernation (safe; 9% risk of failure)
Confirm with . or Enter, or press ? or * to list all spells.
Aiming: Ensorcelled Hibernation (safe; 9% risk of failure)
Press: ? - help, Shift-Dir - straight line, f - water moccasin
Aim: a water moccasin (chance to affect: 48%)
The water moccasin looks drowsy...
MP[-2]
You lost 2 mp, and now have 8/10 mp.
Casting: Ensorcelled Hibernation (safe; 9% risk of failure)
Confirm with . or Enter, or press ? or * to list all spells.
Aiming: Ensorcelled Hibernation (safe; 9% risk of failure)
Press: ? - help, Shift-Dir - straight line, f - you, p - water moccasin That would be overly suicidal.
Okay, then.
Casting: Ensorcelled Hibernation (safe; 9% risk of failure)
Confirm with . or Enter, or press ? or * to list all spells.
Aiming: Ensorcelled Hibernation (safe; 9% risk of failure)
Press: ? - help, Shift-Dir - straight line, f - you
Okay, then.
You puncture the water moccasin! The water moccasin barely misses you.
The water moccasin bites you.
You are poisoned.
The water moccasin poisons you!
HP[-2] MP[-1]
You take 2 damage, and now have 26/28 hp.
You lost 1 mp, and now have 7/10 mp.
You hit the water moccasin.
You feel very sick. The water moccasin barely misses you.
You can now stomp with the beat.
HP[-2]
You take 2 damage, and now have 24/28 hp.
You closely miss the water moccasin.
You feel sick. The water moccasin barely misses you.
HP[-2]
You take 2 damage, and now have 22/28 hp.
You hit the water moccasin.
You feel sick. The water moccasin bites you!
HP[-6] MP[-2]
You take 6 damage, and now have 16/28 hp.
MASSIVE DAMAGE!! (PAUSE)
You lost 2 mp, and now have 5/10 mp.
You miss the water moccasin. Your bite misses the water moccasin.
You feel sick. The water moccasin bites you!
* * * LOW HITPOINT WARNING * * *
HP[-7] MP[-1]
You take 7 damage, and now have 9/28 hp.
MASSIVE DAMAGE!! (PAUSE)
You lost 1 mp, and now have 4/10 mp.
You miss the water moccasin.
You feel sick. The water moccasin barely misses you.
The water moccasin bites you!
* * * LOW HITPOINT WARNING * * *
You are lethally poisoned!
The water moccasin poisons you!
HP[-5] MP[-2]
You take 5 damage, and now have 4/28 hp.
You lost 2 mp, and now have 2/10 mp.
You don't have enough magic at the moment.
It was a potion of degeneration.
There was something very wrong with that liquid.
You feel weakened.
You feel dopey.
You feel clumsy.
* * * LOW HITPOINT WARNING * * *
You feel very sick.
The water moccasin bites you but does no damage.
HP[-2]
You take 2 damage, and now have 2/28 hp.
It was a potion of curing.
Your system rejects the healing.
You feel better. The water moccasin misses you. The water moccasin bites you.
You die...

Skill      XL: |  1  2  3  4  5  6 |
---------------+-------------------+-----
Short Blades   | 1 2 3 4 |  4.3
Hexes          | 4 5 |  5.0
Dodging        | |  1.5
Stealth        | |  3.6
Spellcasting   | |  2.1

Action                   |  1- 3 |  4- 6 || total
-------------------------+-------+-------++-------
Melee: Dagger            |   110 |    48 ||   158
       Bite              |    23 |    16 ||    39
       Punch             |     2 |     1 ||     3
       Short sword       |       |    23 ||    23
 Cast: Ensorcelled Hiber |     2 |     8 ||    10
  Use: Scroll            |       |     4 ||     4
       Potion            |       |     2 ||     2
 Stab: Sleeping          |    13 |     6 ||    19
Armor: Robe              |    11 |       ||    11
       Leather armour    |    23 |    10 ||    33
Dodge: Dodged            |    83 |    46 ||   129

Levels and vault maps discovered:
D:1:      tarquinn_simple_flora_water_d, layout_basic,
          hellmonk_ecumenical_altar_lost_god
D:2:      layout_basic, serial_shops,
          nicolae_shop_temple_entry_statues_fountains
D:3:      layout_rooms, kennysheep_generic_room_13
D:4:      layout_loops_ring, grunt_temple_overflow_open,
          worldfamousw_hep_ancestral_shrine

Notes
Turn   | Place    | Note
-------+----------+-------------------------------------------
     0 | D:1      | zeratav the Vine Stalker Enchanter began the quest for the
                  | Orb.
     0 | D:1      | Reached XP level 1. HP: 9/9 MP: 4/4
     0 | D:1      | magus.rc [v1.9.6]
    12 | D:1      | Reached skill level 1 in Short Blades
   484 | D:1      | Reached XP level 2. HP: 13/13 MP: 6/6
   563 | D:1      | Found a faded altar of an unknown god.
   743 | D:1      | Reached skill level 2 in Short Blades
   870 | D:1      | Reached XP level 3. HP: 16/16 MP: 7/7
   968 | D:2      | Found Joxaot's Weapon Shop.
  1297 | D:2      | Learned a level 2 spell: Ensorcelled Hibernation
  1635 | D:3      | Gained mutation: Your natural rate of healing is unusually
                  | fast. [Vine Stalker growth]
  1635 | D:3      | Reached XP level 4. HP: 13/21 MP: 1/8
  1719 | D:3      | Identified the +5 falchion of the Endless Expanse {freeze,
                  | rElec Int-4 SInv}
  1880 | D:3      | Reached skill level 4 in Hexes
  2231 | D:4      | Reached skill level 3 in Short Blades
  2240 | D:3      | HP: 4/21 [gnoll/+0 club (2)]
  2297 | D:4      | Reached XP level 5. HP: 23/24 MP: 1/9
  2394 | D:4      | Identified the +8 short sword "Kuakk" {venom, +Blink Will+
                  | Int+3}
  2468 | D:4      | Noticed a water moccasin
  2474 | D:4      | Killed a water moccasin
  2547 | D:4      | Found a snail-covered altar of Cheibriados.
  2554 | D:4      | Reached XP level 6. HP: 28/28 MP: 10/10
  2563 | D:4      | Found a broken altar of Ashenzari.
  2564 | D:4      | Found an iron altar of Okawaru.
  2572 | D:4      | Found an ancient bone altar of Kikubaaqudgha.
  2574 | D:4      | Found a hide-covered altar of Uskayaw.
  2575 | D:4      | Found a white marble altar of Elyvilon.
  2575 | D:4      | Found a sacrificial altar of Ru.
  2587 | D:4      | Reached skill level 4 in Short Blades
  2587 | D:4      | Reached skill level 5 in Hexes
  2644 | D:4      | Became a worshipper of Uskayaw the Reveller
  2866 | D:4      | Noticed a water moccasin
  2871 | D:4      | Reached * piety under Uskayaw
  2875 | D:4      | HP: 4/28 [water moccasin (5)]
  2877 | D:4      | Slain by a water moccasin

Vanquished Creatures
  A water moccasin (D:4)
  A scorpion (D:4)
  3 gnolls
  4 adders
  3 worms
  A dart slug (D:3)
  An orc (D:3)
  6 endoplasms
  2 giant cockroaches (D:1)
  3 goblins
  7 hobgoblins
  3 jackals (D:1)
  A quokka (D:4)
  5 ball pythons
  4 bats
  3 frilled lizards
  9 kobolds
  8 rats
65 creatures vanquished.

Table legend:
 A = Non-vault XP
 B = Vault XP
 C = Vault XP percentage of total XP
 D = Non-vault monster count
 E = Vault monster count
 F = Vault count percentage of total count
                 A         B        C        D         E       F
            +---------+---------+-------+---------+---------+-------
      Total |     422 |       4 |   0.9 |      64 |       1 |   1.5
            +---------+---------+-------+---------+---------+-------
        D:1 |      34 |       0 |   0.0 |      21 |       0 |   0.0
        D:2 |      39 |       0 |   0.0 |      18 |       0 |   0.0
        D:3 |      60 |       4 |   6.2 |      11 |       1 |   8.3
        D:4 |     289 |       0 |   0.0 |      14 |       0 |   0.0
            +---------+---------+-------+---------+---------+-------

Illustrated notes

Table legend:
 A = Kills in this place as a percentage of kills in entire the game.
 B = Kills by you in this place as a percentage of kills by you in the entire game.
 C = Kills by friends in this place as a percentage of kills by friends in the entire game.
 D = Other kills in this place as a percentage of other kills in the entire game.
 E = Experience gained in this place as a percentage of experience gained in the entire game.
 F = Experience gained in this place divided by the number of levels of this place that you have seen.
                   A       B       C       D       E      F
               +-------+-------+-------+-------+-------+----------------------
         Total | 100.0 | 100.0 |   N/A |   N/A | 100.0 | 106.5
       Dungeon | 100.0 | 100.0 |   N/A |   N/A | 100.0 | 106.5
               +-------+-------+-------+-------+-------+----------------------

Table legend: (Time is in decaauts)
 A = Elapsed time spent in this place.
 B = Non-inter-level travel time spent in this place.
 C = Inter-level travel time spent in this place.
 D = Time resting spent in this place.
 E = Time spent auto-exploring this place.
 F = Levels seen in this place.
 G = Mean time per level.
                   A        B        C        D        E       F      G
               +--------+--------+--------+--------+--------+-----+--------+
         Total |   2858 |   2772 |     86 |    462 |   1728 |   4 |  714.5 |
       Dungeon |   2858 |   2772 |     86 |    462 |   1728 |   4 |  714.5 |
               +--------+--------+--------+--------+--------+-----+--------+

Top non-repeatable levels by time:
     D:1: 964 daAuts
     D:4: 669 daAuts
     D:2: 632 daAuts
     D:3: 592 daAuts
